 Dungeon Crawl Stone Soup version 0.21-a0-615-g8e08f28 (webtiles) character file.

134 slep the Slasher (level 5, 0/26 HPs)
             Began as a Vine Stalker Gladiator on Dec 23, 2017.
             Was an Initiate of Okawaru.
             Succumbed to a scorpion's poison
             ... on level 4 of the Dungeon.
             The game lasted 00:06:19 (1624 turns).

slep the Slasher (Vine Stalker Gladiator)           Turns: 1624, Time: 00:06:20

Health: 0/26       AC:  4    Str: 16    XL:     5   Next: 17%
Magic:  2/6        EV: 19    Int:  8    God:    Okawaru [......]
Gold:   179        SH:  0    Dex: 22    Spells: 4/4 levels left

rFire    . . .     SeeInvis .   a - +0 long sword
rCold    . . .     Gourm    .   (no shield)
rNeg     . . .     Faith    .   b - +0 leather armour
rPois    .         Spirit   +   c - +0 helmet
rElec    .         Reflect  .   (no cloak)
rCorr    .         Harm     .   (no gloves)
MR       .....                  (no boots)
Stlth    +++.......             (no amulet)
HPRegen  0.48/turn              (no ring)
MPRegen  0.10/turn              (no ring)

@: agile, lethally poisoned (0 -> -1)
A: fangs 2, regeneration 1, magic shield, antimagic bite, no potion heal 3, rot
immunity
a: Renounce Religion


You were on level 4 of the Dungeon.
You worshipped Okawaru.
Okawaru was noncommittal.
You were not hungry.

You visited 1 branch of the dungeon, and saw 5 of its levels.

You collected 179 gold pieces.

Inventory:

Hand Weapons
 a - a +0 long sword (weapon)
 q - a +2 hand axe of venom
Missiles
 d - 4 throwing nets (quivered)
 i - 19 sling bullets
Armour
 b - a +0 leather armour (worn)
 c - a +0 helmet (worn)
 e - a +0 scale mail
Jewellery
 g - an uncursed ring of ice
Scrolls
 h - 2 scrolls of remove curse {unknown}
 k - 2 scrolls of teleportation {unknown}
 l - 2 scrolls of amnesia {unknown}
 m - a scroll of random uselessness {unknown}
 n - a scroll of magic mapping {unknown}
 o - 4 scrolls of identify {unknown}
 r - a scroll of blinking {unknown}
 t - a scroll of enchant weapon {unknown}
Potions
 j - a potion of might
Books
 s - a book of Minor Magic

   Spells                             Type                      Level
   a - Magic Dart                     Conjuration                  1
   b - Blink                          Translocation                2
   c - Call Imp                       Summoning                    2
   d - Slow                           Hexes                        2
   e - Conjure Flame                  Conjuration/Fire             3
   f - Mephitic Cloud                 Conjuration/Poison/Air       3
Comestibles
 f - 3 rations


   Skills:
 + Level 2.1 Fighting
 + Level 4.0 Long Blades
 + Level 1.8 Throwing
 + Level 1.3 Armour
 + Level 3.0 Dodging
 + Level 0.4 Stealth


You had 4 spell levels left.
You didn't know any spells.

Dungeon Overview and Level Annotations

Branches:
Dungeon (5/15)
 Temple: D:4-7

Altars:
Cheibriados
Fedhas
Gozag
Makhleb
Okawaru
Ru
Xom


Innate Abilities, Weirdness & Mutations

You have extremely sharp teeth.
Your natural rate of healing is unusually fast.
When hurt, damage is shared between your health and your magic reserves.
Your bite disrupts and absorbs the magic of your enemies.
Potions cannot restore your health.
You are immune to rotting.


Message History

The scorpion poisons you!
You closely miss the scorpion. You bite the scorpion. You drain its power.
You feel invigorated.
The scorpion is almost dead.
* * * LOW HITPOINT WARNING * * *
You feel sick. The scorpion stings you.
* * * LOW HITPOINT WARNING * * *
You slash the scorpion!
You kill the scorpion!
Okawaru accepts your kill.
Your Long Blades skill increases to level 4!
You have reached level 5!
* * * LOW HITPOINT WARNING * * *
You feel sick.
It was a potion of agility.
You feel agile all of a sudden.
* * * LOW HITPOINT WARNING * * *
You feel sick.
You see here a scorpion corpse.
You die...

#.. #.######### #.#...
... #.#.###.#.
########### #>.....(.
...........
#.#...#.###########.###
###......................
#.....#..##.###.#########
#.###.#.@##.# #.# #.
#.#..†..# ### #.
#.#.###.# #. #.#.. ..# ..
#.### #.# ## #.# #.. #..
..? )... ...


There were no monsters in sight!

Vanquished Creatures
  A scorpion (D:4)
  4 adders
  An ooze (D:2)
  2 worms (D:2)
  A dart slug (D:2)
  3 leopard geckos
  3 giant cockroaches (D:2)
  2 hobgoblins
  3 bats
  5 frilled lizards (D:2)
  9 kobolds
  9 rats
43 creatures vanquished.

Notes
Turn   | Place    | Note
-------+----------+-------------------------------------------
     0 | D:1      | slep the Vine Stalker Gladiator began the quest for the Orb.
     0 | D:1      | Reached XP level 1. HP: 11/11 MP: 2/2
   420 | D:1      | Reached XP level 2. HP: 12/15 MP: 3/3
   651 | D:2      | Found a sacrificial altar of Ru.
   656 | D:2      | Reached skill level 3 in Long Blades
   707 | D:2      | Found an opulent altar of Gozag.
   707 | D:2      | Found a blossoming altar of Fedhas.
   712 | D:2      | Found a burning altar of Makhleb.
   714 | D:2      | Found an iron altar of Okawaru.
   716 | D:2      | Found a snail-covered altar of Cheibriados.
   720 | D:2      | Became a worshipper of Warmaster Okawaru
   763 | D:2      | Reached XP level 3. HP: 5/18 MP: 2/4
  1160 | D:2      | Reached skill level 1 in Armour
  1239 | D:2      | Found a shimmering altar of Xom.
  1309 | D:2      | Gained mutation: Your natural rate of healing is unusually fast. [Vine Stalker growth]
  1309 | D:2      | Reached XP level 4. HP: 9/23 MP: 5/5
  1506 | D:5      | Entered Level 5 of the Dungeon
  1535 | D:5      | Noticed an ogre
  1620 | D:4      | HP: 1/23 [scorpion (2)]
  1621 | D:4      | Reached skill level 4 in Long Blades
  1621 | D:4      | Reached XP level 5. HP: 1/26 MP: 1/6
  1624 | D:4      | Succumbed to a scorpion's poison

Vault maps used:
D:1:      minmay_arrival_semitransparent, serial_bayou_lake_a
D:2:      chequers_temple_overflow_minitemple, old_standard_altar,
          brannock_xom_greatest_gift
D:3:      first_ration
D:4:      temple_hall_moat, uniq_crazy_yiuf_cottage
D:5:      cheibrodos_helix_gallery, cheibrodos_sewer_entry_bend

Skill      XL: |  1  2  3  4 |
---------------+-------------+-----
Long Blades    | 3 4 |  4.0
Armour         | 1 |  1.3
Dodging        | 3 |  3.0
Fighting       | 2 |  2.1
Throwing       | |  1.8
Stealth        | |  0.4

Action                   |  1- 3 |  4- 6 || total
-------------------------+-------+-------++-------
Melee: Long sword        |    74 |    24 ||    98
       Bite              |    15 |    10 ||    25
  Use: Potion            |     2 |     1 ||     3
 Stab: Sleeping          |       |     1 ||     1
  Eat: Chunk             |     1 |     1 ||     2
Armor: Leather armour    |    14 |     2 ||    16
Dodge: Dodged            |    35 |    13 ||    48
       Rpst.: Long sword |    10 |     5 ||    15

Table legend:
 A = Spawn XP
 B = Non-spawn XP
 C = Spawn XP percentage of total XP
 D = Spawn monster count
 E = Non-spawn monster count
 F = Spawn count percentage of total count
 G = Total turns spent on level
                    A         B        C        D         E        F      G
               +---------+---------+-------+---------+---------+-------+---------
         Total |       0 |     192 |   0.0 |       0 |      43 |   0.0 |  1624
               +---------+---------+-------+---------+---------+-------+---------
           D:1 |       0 |      12 |   0.0 |       0 |       8 |   0.0 |   604
           D:2 |       0 |      94 |   0.0 |       0 |      32 |   0.0 |   877
           D:3 |       0 |       2 |   0.0 |       0 |       1 |   0.0 |     8
           D:4 |       0 |      84 |   0.0 |       0 |       2 |   0.0 |    97
               +---------+---------+-------+---------+---------+-------+---------
